Cogmind - Beta 13 @@@ ROGUE MODE // 2024.03.08 @ 03:02:30 Player: Qwertychrish Result: Destroyed by Y-45 Defender with Beam Rifle Performance ------------- Evolutions (2) 1000 Regions Visited (8) 1600 Robots Destroyed (27) 135 Value Destroyed (729) 729 Prototype IDs (1) 20 Alien Tech Used (0) 0 Bonus (27) 27 TOTAL SCORE: 3511 Bonus ------- Follower Combat Kills 27 Cogmind --------- Core Integrity 0/550 Matter 300/300 Energy 100/100 System Corruption 2% Temperature Cool (9) Movement Core (50) Location -8/Storage Parts ------- > --- POWER (1) -------- (None) > --- PROPULSION (3) --- (None) > --- UTILITY (5) ------ Improved Signal Interpreter Makeshift Salvage Targeting Computer Improved Targeting Computer > --- WEAPON (2) ------- (None) > --- INVENTORY (5) ---- Light Ion Engine Improved Sensor Array High-powered Tractor Beam Makeshift Shrapnel Gun Rocket Launcher Peak State ------------ > --- POWER ------------ Light Nuclear Core > --- PROPULSION ------- Aluminum Leg Carbon-fiber Leg Carbon-fiber Leg > --- UTILITY ---------- Large Storage Unit Improved Signal Interpreter Makeshift Salvage Targeting Computer Improved Targeting Computer Improved Light Armor Plating > --- WEAPON ----------- Improved Medium Laser Improved Medium Laser > --- INVENTORY -------- Light Nuclear Core Light Nuclear Core Aluminum Leg Carbon-fiber Leg Compact Matter Pod Compact Matter Pod Makeshift Terrain Scan Processor ECM Suite Makeshift System Restoration Module High-powered Tractor Beam Heavy Particle Cannon Assault Rifle Light Assault Rifle Makeshift Shrapnel Gun Rocket Launcher [Rating: 32] Favorites ----------- Power Ion Engine Engine Ion Engine Power Core Light Nuclear Core Propulsion Light Treads Treads Light Treads Leg Carbon-fiber Leg Wheel Wheel Utility Large Storage Unit Device ECM Suite Storage Large Storage Unit Processor Visual Processing Unit Protection Improved Propulsion Shielding Weapon Assault Rifle Energy Gun Improved Medium Laser Ballistic Gun Assault Rifle Launcher Rocket Launcher Build | -11 -10 -10 -9 -9 -9 -8 -8 -8 ------- Run | Yrd Mat Min Mat Min Exi Min Mat Sto Slots Evolved 4 | . . . 2 . . . 2 . Power . | . . . . . . . . . Propulsion 1 | . . . . . . . 1 . Utility 3 | . . . 2 . . . 1 . Weapon . | . . . . . . . . . Parts Attached 49 | 6 8 . 1 9 1 1 15 8 Power 3 | 1 . . . 1 . . 1 . Engine 2 | 1 . . . 1 . . . . Core 1 | . . . . . . . 1 . Reactor . | . . . . . . . . . Propulsion 19 | 2 4 . . 4 . . 3 6 Treads 8 | . 2 . . 2 . . . 4 Leg 6 | . . . . 1 . . 3 2 Wheel 5 | 2 2 . . 1 . . . . Hover . | . . . . . . . . . Flight . | . . . . . . . . . Utility 14 | 1 2 . 1 2 1 . 5 2 Device 2 | . 1 . . . . . . 1 Storage 4 | 1 1 . . 2 . . . . Processor 5 | . . . 1 . 1 . 2 1 Hackware . | . . . . . . . . . Protection 3 | . . . . . . . 3 . Artifact . | . . . . . . . . . Weapon 13 | 2 2 . . 2 . 1 6 . Energy Gun 5 | 1 1 . . . . . 3 . Energy Cannon . | . . . . . . . . . Ballistic Gun 7 | 1 1 . . 2 . 1 2 . Ballistic Cannon . | . . . . . . . . . Launcher 1 | . . . . . . . 1 . Special Weapon . | . . . . . . . . . Impact Weapon . | . . . . . . . . . Slashing Weapon . | . . . . . . . . . Piercing Weapon . | . . . . . . . . . Special Melee Weapon . | . . . . . . . . . Unidentified Prototypes 1 | . . . . . . . 1 . Parts Lost 16 | . . . . 3 . 1 1 11 Power 1 | . . . . 1 . . . . Propulsion 8 | . . . . . . . . 8 Utility 3 | . . . . . . . 1 2 Weapon 4 | . . . . 2 . 1 . 1 Highest Loss Streak 5 | . . . . 3 . 1 1 5 To Critical Strikes 1 | . . . . . . 1 . . Average Slot Usage (%) 91 | . 93 100 86 87 91 100 94 73 Engine 8 | . 14 14 11 10 11 11 3 . Core 1 | . . . . . . . 5 3 Treads 9 | . 1 . . 4 22 22 1 4 Leg 7 | . . . . 1 . . 24 18 Wheel 7 | . 26 28 22 16 . . . . Device 2 | . 8 14 11 6 . . . . Storage 15 | . 14 14 11 16 22 22 11 3 Processor 16 | . . . 9 11 14 22 24 30 Protection 1 | . . . . . . . 4 2 Energy Gun 3 | . 7 14 11 2 . . 3 9 Ballistic Gun 17 | . 20 14 11 19 22 22 14 . Naked Turns . | . . . . . . . . . Heaviest Build 34 | 11 29 29 29 31 30 30 34 34 Greatest Support 40 | 20 20 20 20 40 40 40 40 40 Greatest Overweight (x) 3 | 3 1 1 1 1 . . 1 1 Average Overweight (x) . | . . 1 1 . . . . . Largest Inventory Capacity 15 | 8 15 15 15 15 15 15 15 15 Average Capacity 14 | 7 14 15 15 15 15 15 15 8 Most Carried 15 | 7 12 13 13 13 15 15 15 15 Average Carried 12 | 3 10 12 13 11 13 14 14 8 Final Capacity 15 | 8 15 15 15 15 15 15 15 5 Final Carried 15 | 7 12 13 13 12 15 15 15 5 Class Distribution -------------------- 84% | Mutant 15% | Scavenger-Mutant Dominant Class ---------------- Mutant | -10/Materials Mutant | -10/Mines Mutant | -9/Materials Mutant | -9/Mines Mutant | -9/Exiles Mutant | -8/Mines Scavenger-Mutant | -8/Materials Mutant | -8/Storage Resources | -11 -10 -10 -9 -9 -9 -8 -8 -8 ----------- Run | Yrd Mat Min Mat Min Exi Min Mat Sto Matter Collected 1057 | 275 285 . 10 86 . 88 299 14 Remotely . | . . . . . . . . . Salvage Created 899 | 16 207 . . 54 . 96 512 14 Parts 60 | 2 16 . . 3 . 7 30 2 Haulers Intercepted 1 | . . . . . . . 1 . Recyclers Shooed . | . . . . . . . . . Parts Field Recycled . | . . . . . . . . . Retrieved Matter . | . . . . . . . . . Parts Self-Destructed . | . . . . . . . . . Prevented . | . . . . . . . . . Kills | -11 -10 -10 -9 -9 -9 -8 -8 -8 ------- Run | Yrd Mat Min Mat Min Exi Min Mat Sto Combat Hostiles Destroyed 21 | . 5 . . 4 . 4 7 1 Melee 2 | . . . . . . 1 . 1 Guns 18 | . 5 . . 4 . 3 6 . AOE 1 | . . . . . . . 1 . Classes Destroyed 9 | 1 2 . . 1 . 1 4 . Tunneler 1 | 1 . . . . . . . . Hauler 1 | . . . . . . . 1 . Recycler 1 | . . . . . . . 1 . Operator 2 | . 1 . . . . . 1 . Watcher 1 | . . . . . . . 1 . Swarmer 8 | . . . . 4 . 3 . 1 Grunt 7 | . 5 . . . . . 2 . Sentry 3 | . . . . . . . 3 . Hunter 3 | . . . . . . 1 2 . Best Kill Streak 4 | 1 2 . . 3 . 4 3 1 Combat Bots Only 4 | . 2 . . 3 . 4 2 1 Max Kills in Single Turn 2 | 1 1 . . 1 . 2 2 1 Gunslinging . | . . . . . . . . . Exploded 1 | . . . . . . . 1 . Melee 1 | . . . . . . 1 . 1 Uniques/NPCs Destroyed . | . . . . . . . . . Combat | -11 -10 -10 -9 -9 -9 -8 -8 -8 -------- Run | Yrd Mat Min Mat Min Exi Min Mat Sto Hostile Shots Fired 305 | . 25 1 4 23 . 36 33 183 Missed 91 | . 1 . 1 5 . 11 9 64 Damage Taken 2894 | . 278 10 44 149 . 313 398 1702 Core 678 | . 62 . . 8 . 54 56 498 Absorbed by Shields . | . . . . . . . . . Redirected to Shielding 49 | . . . . . . . 49 . Core Remaining (%) 86 | 100 . 75 . . . 84 . . Volleys Fired 71 | 6 20 . . 11 . 9 25 . Largest 2 | 2 2 . . 2 . 2 2 . Hottest 112 | 60 70 . . 70 . 44 112 . Shots Fired 134 | 12 40 . . 17 . 17 48 . Gun 132 | 12 40 . . 17 . 17 46 . Cannon . | . . . . . . . . . Launcher 2 | . . . . . . . 2 . Special . | . . . . . . . . . Kinetic 106 | 6 34 . . 11 . 17 38 . Thermal 26 | 6 6 . . 6 . . 8 . Explosive 2 | . . . . . . . 2 . Electromagnetic . | . . . . . . . . . Robot Hit Streak 26 | 6 8 . . 9 . 4 26 . Robot Miss Streak 3 | 2 2 . . 2 . 3 3 . Penetration Max . | . . . . . . . . . Secondary Targets 2 | . . . . 1 . . 1 . Max Gunslinging Chain 1 | . . . . 1 . . 1 . Shots Hit Robots 101 | 8 30 . . 8 . 13 42 . Core Hits 47 | 1 11 . . 5 . 3 24 3 Critical Kills . | . . . . . . . . . Critical Parts Destroyed 1 | 1 . . . . . . . . Critical Strikes 3 | 1 1 . . . . . 1 . Burn 2 | . 1 . . . . . 1 . Destroy 1 | 1 . . . . . . . . Melee Attacks . | . . . . . . . . . Impact . | . . . . . . . . . Slashing . | . . . . . . . . . Piercing . | . . . . . . . . . Sneak Attacks . | . . . . . . . . . Combat Hostiles . | . . . . . . . . . Follow-up Attacks . | . . . . . . . . . Damage Inflicted 1520 | 97 381 . . 119 . 161 731 31 Guns 1350 | 97 381 . . 119 . 157 596 . Cannons . | . . . . . . . . . Explosions 135 | . . . . . . . 135 . Melee . | . . . . . . . . . Ramming 35 | . . . . . . 4 . 31 Kinetic 1077 | 56 318 . . 67 . 157 479 . Thermal 273 | 41 63 . . 52 . . 117 . Explosive 135 | . . . . . . . 135 . Electromagnetic . | . . . . . . . . . Impact . | . . . . . . . . . Slashing . | . . . . . . . . . Piercing . | . . . . . . . . . Highest Corruption 2 | . . . . . . . . 2 Average Corruption 2 | . . . . . . . . 2 Corruption Purged . | . . . . . . . . . Corruption Blocked . | . . . . . . . . . Overload Shots . | . . . . . . . . . Overflow Damage . | . . . . . . . . . Projectiles . | . . . . . . . . . Explosions . | . . . . . . . . . Melee . | . . . . . . . . . Knockbacks . | . . . . . . . . . Impact . | . . . . . . . . . Kinetic . | . . . . . . . . . Secondary . | . . . . . . . . . Self-Inflicted Damage 13 | . . . . . . . . 13 Shots . | . . . . . . . . . Rammed 8 | . . . . . . . . 8 Targets Rammed 9 | . . . . . . 1 . 8 Kicked . | . . . . . . . . . Crushed 1 | . . . . . . 1 . . Highest Temperature 81 | . 81 . . . . . 48 8 Average Temperature 26 | . 32 . . . . . 20 7 Received Heat Transfer 729 | . 159 6 15 . . . 135 414 Siege Activations . | . . . . . . . . . Robots Corrupted . | . . . . . . . . . Combat Hostiles . | . . . . . . . . . Parts Fried . | . . . . . . . . . Impact Corruptions . | . . . . . . . . . Robots Melted . | . . . . . . . . . Combat Hostiles . | . . . . . . . . . Parts Melted 1 | . 1 . . . . . . . Heat Transferred 840 | 100 259 . . 148 . . 333 . Parts Sabotaged . | . . . . . . . . . Parts Stolen . | . . . . . . . . . Parts Stripped . | . . . . . . . . . Power Chain Reactions . | . . . . . . . . . Alert | -11 -10 -10 -9 -9 -9 -8 -8 -8 ------- Run | Yrd Mat Min Mat Min Exi Min Mat Sto Peak Influence 229 | 5 180 70 57 97 . 105 203 229 Initial 70 | . 3 70 27 22 . . 40 39 Average 78 | . 97 70 37 62 . 42 107 85 Maximum Alert Level 1 | . . . . . . . 1 1 Low Security (%) 94 | 100 100 100 100 100 . 100 86 91 Level 1 5 | . . . . . . . 13 9 Level 2 . | . . . . . . . . . Level 3 . | . . . . . . . . . Level 4 . | . . . . . . . . . Level 5 . | . . . . . . . . . High Security . | . . . . . . . . . Max Security . | . . . . . . . . . Squads Dispatched 8 | . 2 . 1 . . . 1 4 Investigation 2 | . 1 . . . . . . 1 Extermination . | . . . . . . . . . Reinforcement 4 | . 1 . 1 . . . 1 1 Assault 2 | . . . . . . . . 2 Garrison . | . . . . . . . . . Intercept . | . . . . . . . . . Searches Triggered . | . . . . . . . . . Construction Impeded . | . . . . . . . . . Haulers Reinforced . | . . . . . . . . . Active Scanning Responses . | . . . . . . . . . Cargo Convoy Interrupts . | . . . . . . . . . Stealth | -11 -10 -10 -9 -9 -9 -8 -8 -8 --------- Run | Yrd Mat Min Mat Min Exi Min Mat Sto Distress Signals 4 | . 2 . . . . . . 2 Communications Jammed . | . . . . . . . . . Distress Signals . | . . . . . . . . . Times Spotted 65 | . 15 2 3 5 . 4 9 27 Peak Tracking Total 13 | . 5 2 3 4 . 4 3 13 Tactical Retreats 6 | . 2 . . 1 . . . 3 Traps | -11 -10 -10 -9 -9 -9 -8 -8 -8 ------- Run | Yrd Mat Min Mat Min Exi Min Mat Sto Traps Triggered 6 | . 1 . . . . . 1 4 Indirectly . | . . . . . . . . . Trap Hack Attempts . | . . . . . . . . . Triggered . | . . . . . . . . . Disarmed . | . . . . . . . . . Reprogrammed . | . . . . . . . . . Reused . | . . . . . . . . . Traps Extracted . | . . . . . . . . . Installed . | . . . . . . . . . Triggered . | . . . . . . . . . Machines | -11 -10 -10 -9 -9 -9 -8 -8 -8 ---------- Run | Yrd Mat Min Mat Min Exi Min Mat Sto Machines Disabled . | . . . . . . . . . Max in Single Turn . | . . . . . . . . . Machines Repaired . | . . . . . . . . . Machines Dismantled . | . . . . . . . . . Machines Sabotaged . | . . . . . . . . . Overloaded Fab Kills . | . . . . . . . . . Hacking | -11 -10 -10 -9 -9 -9 -8 -8 -8 --------- Run | Yrd Mat Min Mat Min Exi Min Mat Sto Machines Accessed 10 | . 2 . . . 4 . 2 2 Terminals 6 | . 2 . . . . . 2 2 Fabricators . | . . . . . . . . . Repair Stations . | . . . . . . . . . Recycling Units . | . . . . . . . . . Scanalyzers . | . . . . . . . . . Garrison Access . | . . . . . . . . . Total Hacks 66 | . 7 . . . 49 . 4 6 Successful 58 | . 4 . . . 49 . 4 1 Failed 8 | . 3 . . . . . . 5 Catastrophic 1 | . 1 . . . . . . . Database Lockouts . | . . . . . . . . . Manual 15 | . 6 . . . . . 4 5 Terminals 17 | . 7 . . . . . 4 6 Fabricators . | . . . . . . . . . Repair Stations . | . . . . . . . . . Recycling Units . | . . . . . . . . . Scanalyzers . | . . . . . . . . . Garrison Access . | . . . . . . . . . Terminal Hacks 51 | . 1 . . . 49 . . 1 Record 49 | . . . . . 49 . . . Open Door 1 | . . . . . . . . 1 Recall Investigation 1 | . 1 . . . . . . . Fabricator Hacks . | . . . . . . . . . Repair Station Hacks . | . . . . . . . . . Recycling Unit Hacks . | . . . . . . . . . Scanalyzer . | . . . . . . . . . Garrison Access Hacks . | . . . . . . . . . Unauthorized Hacks 7 | . 3 . . . . . 4 . Terminals 7 | . 3 . . . . . 4 . Track 3 | . 1 . . . . . 2 . Botnet 4 | . 2 . . . . . 2 . Fabricators . | . . . . . . . . . Repair Stations . | . . . . . . . . . Recycling Units . | . . . . . . . . . Scanalyzers . | . . . . . . . . . Garrison Access . | . . . . . . . . . Data Cores Recovered 1 | . 1 . . . . . . . Used . | . . . . . . . . . Hacking Detections 6 | . 2 . . . . . 2 2 Full Trace Events . | . . . . . . . . . Feedback Events . | . . . . . . . . . Feedback Blocked . | . . . . . . . . . Robot Schematics Acquired . | . . . . . . . . . Robots Built . | . . . . . . . . . Authchips . | . . . . . . . . . Time . | . . . . . . . . . Total Robot Build Rating . | . . . . . . . . . Part Schematics Acquired . | . . . . . . . . . Parts Built . | . . . . . . . . . Authchips . | . . . . . . . . . Time . | . . . . . . . . . Total Part Build Rating . | . . . . . . . . . Parts Repaired . | . . . . . . . . . Time . | . . . . . . . . . Parts Recycled . | . . . . . . . . . Recycled Matter . | . . . . . . . . . Retrieved Matter . | . . . . . . . . . Retrieved Components . | . . . . . . . . . Parts Scanalyzed . | . . . . . . . . . Part Schematics Acquired . | . . . . . . . . . Parts Damaged . | . . . . . . . . . Bothacking | -11 -10 -10 -9 -9 -9 -8 -8 -8 ------------ Run | Yrd Mat Min Mat Min Exi Min Mat Sto Used RIF Installer . | . . . . . . . . . Robots Hacked . | . . . . . . . . . Non-combat . | . . . . . . . . . Combat . | . . . . . . . . . Robot Hacks Applied . | . . . . . . . . . Relay Couplers Released . | . . . . . . . . . Fabnet Peak Effective % . | . . . . . . . . . Robots Rewired . | . . . . . . . . . Allies Hacked . | . . . . . . . . . Hacks Repelled . | . . . . . . . . . Allies | -11 -10 -10 -9 -9 -9 -8 -8 -8 -------- Run | Yrd Mat Min Mat Min Exi Min Mat Sto Total Allies 2 | . . . . . . . . 2 Largest Group 2 | . . . . . . . . 2 Highest-Rated Group 62 | . . . . . . . . 62 Highest-Rated Ally 31 | . . . . . . . . 31 Total Orders . | . . . . . . . . . Ally Attacks 12 | . . . . . . . . 12 Total Damage 251 | . . . . . . . . 251 Kills 2 | . . . . . . . . 2 Allies Corrupted . | . . . . . . . . . Allies Melted . | . . . . . . . . . Intel | -11 -10 -10 -9 -9 -9 -8 -8 -8 ------- Run | Yrd Mat Min Mat Min Exi Min Mat Sto Robot Analysis Total . | . . . . . . . . . Derelict Logs Recovered 1 | . . 1 . . . . . . Drone Launches . | . . . . . . . . . Drone Recoveries . | . . . . . . . . . Exploration | -11 -10 -10 -9 -9 -9 -8 -8 -8 ------------- Run | Yrd Mat Min Mat Min Exi Min Mat Sto Turns Passed 2583 | 82 376 44 65 299 595 312 610 200 Spaces Moved 1895 | 43 298 44 64 244 370 174 386 272 Core 245 | 23 . . . . . . . 222 Treads 601 | . . . . 36 370 174 21 . Legs 415 | . . . . . . . 365 50 Wheels 634 | 20 298 44 64 208 . . . . Hover . | . . . . . . . . . Flight . | . . . . . . . . . Fastest Speed 50 | 50 80 95 95 95 160 160 120 50 Average Speed 116 | 111 94 95 95 105 160 160 122 63 Slowest Speed 240 | 200 95 95 95 240 160 160 190 190 Overloaded Moves . | . . . . . . . . . Propulsion Burnouts . | . . . . . . . . . Robots Hopped . | . . . . . . . . . Cave-ins Triggered . | . . . . . . . . . Exploration Rate (%) 38 | 4 44 16 8 41 91 51 32 61 Regions Visited 8 Branch Regions 5 Pre-discovered Areas 2 | . . 1 . . 1 . . . Known Exits Taken 1 | . . . . . . . 1 . Unknown Exits Taken 7 | 1 1 1 1 1 1 1 . . Scrap Searched . | . . . . . . . . . Spaces Dug . | . . . . . . . . . Terrain Destroyed 18 | . . . . . . . 18 . Melee . | . . . . . . . . . Projectile . | . . . . . . . . . AOE 18 | . . . . . . . 18 . Terrain Rammed . | . . . . . . . . . Walls Destroyed . | . . . . . . . . . Machines Disabled . | . . . . . . . . . Actions | -11 -10 -10 -9 -9 -9 -8 -8 -8 --------- Run | Yrd Mat Min Mat Min Exi Min Mat Sto Total 2134 | 61 349 46 67 268 373 191 479 300 Wait 59 | . 16 2 3 1 . 4 30 3 Move 1887 | 42 297 43 63 243 369 173 385 272 Hop . | . . . . . . . . . Pick Up 32 | 7 6 1 . 2 3 2 8 3 Fast Attach 23 | 6 2 . 1 1 1 . 8 4 Attach 9 | . . . . 4 . 1 1 3 Detach 2 | . . . . 1 . . 1 . Swap 17 | . 6 . . 4 . . 6 1 Drop 25 | . 2 . . 1 . 1 15 6 Fire 71 | 6 20 . . 11 . 9 25 . Melee . | . . . . . . . . . Ram 8 | . . . . . . . . 8 Kick . | . . . . . . . . . Crush 1 | . . . . . . 1 . . Escape Stasis . | . . . . . . . . . Rewire . | . . . . . . . . . Trap . | . . . . . . . . . Miscellaneous . | . . . . . . . . . Route ------- -11/Scrapyard -10/Materials (discovered 2 exits: [*Mat] / [*Min]) -10/Mines -9/Materials -9/Mines -9/Exiles (discovered 2 exits: [*Min x2]) -8/Mines -8/Materials -8/Storage History --------- Turn | Location | Event 19 | -11/Scrapyard | Discovered new exit (range 16) 83 | -11/Scrapyard | Entered Materials 218 | -10/Materials | Discovered new exit (range 11) 308 | -10/Materials | Build established: Mutant 366 | -10/Materials | Discovered new exit (range 4) 459 | -10/Materials | Entered Mines 460 | -10/Mines | Assembled infested the area 465 | -10/Mines | Assisted by a Guerilla fighting off Assembled 478 | -10/Mines | Learned location of Storage (-8) 492 | -10/Mines | Discovered new exit (range 5) 500 | -10/Mines | Received a Rocket Launcher from a helpful Derelict 503 | -10/Mines | Entered Materials 503 | -9/Materials | Evolved 2 slots: Utility x2 564 | -9/Materials | Discovered new exit (range 4) 568 | -9/Materials | Entered Mines 651 | -9/Mines | Lost 3 parts (1p2w) 861 | -9/Mines | Deemed a non-threat by the Exiles lab entrance 861 | -9/Mines | Discovered new exit (range 5) 867 | -9/Mines | Entered Exiles 867 | -9/Exiles | Found Exiles lab destroyed 888 | -9/Exiles | Discovered new exit (range 16) 1149 | -9/Exiles | Learned location of Zion (-6) 1443 | -9/Exiles | Discovered new exit (range 14) 1462 | -9/Exiles | Entered Mines 1752 | -8/Mines | Discovered new exit (range 14) 1774 | -8/Mines | Entered Materials 1774 | -8/Materials | Evolved 2 slots: Propulsion x1, Utility x1 2237 | -8/Materials | Discovered new exit (range 13) 2374 | -8/Materials | Build established: Scavenger-Mutant 2383 | -8/Materials | Identified exit to Storage 2384 | -8/Materials | Entered Storage 2393 | -8/Storage | Met a pair of Derelict thieves 2531 | -8/Storage | Core integrity fell below 50% 2568 | -8/Storage | Lost 5 parts (3n1u1w) 2582 | -8/Storage | Core integrity fell below 20% 2584 | -8/Storage | Destroyed by Y-45 Defender with Beam Rifle Last Messages --------------- 02550_ Dropped Lgt. Treads. 02554_ Slammed into S-10 Pest. 02554_ S-10 Pest destroyed. 02555_ Acquired 14 matter. 02555_ Slammed into S-10 Pest. 02560_ K-01 Serf collects debris. 02564_ Dropped Mak. Terrain Scan Processor. 02565_ Acquired Imp. Sensor Array. 02568_ Slammed into S-10 Pest. 02571_ W-25 Informer sends out distress signal. 02574_ Triggered Explosive Trap. 02574_ An explosion rips through the floor. 02574_ Lgt. Treads destroyed. 02579_ U-05 Engineer builds a Wall. 02579_ Slammed into S-10 Pest. 02580_ Lgt. Treads destroyed. 02581_ S-10 Pest destroyed. 02581_ Slammed into G-47 Trooper. 02582_ Imp. Sensor Array destroyed. 02583_ U-05 Engineer lays Concrete. Map ----- +----------------------------------------------------+ | ????????????????????????????????????????????? | | ????????????????????????????????????????????? | | #???????????????????????????????????????????? | | ????????????????????????????????????????????? | | ????????????????????????????????????????????? | | ????????????????????????????????????????????? | | ???????????????????????????###?##???????????? | | ???????????????????????????# ##T#####???????? | | ???????????????????????????# #???????? | | ?????????????????????####### """????????? | | ?????????????????????# # """#???????? | | ?????????????????????# # """#???????? | | ????????????????????## + #???????? | | ????????????????????# # """#???????? | | ?????????????????????# """#???????? | | ?????????????????????# # """#???????? | | ?????????????????????# Y #! #???????? | | ??#####??????????????# Y ##########???????? | | ??# ##########?????##u%[##????????????????? | | ### # ??###### * #?????????????????? | | # # """ ??#! " # aw#?????????????????? | | # # """ #?#! ! #sh #?????????????????? | | # # """ #?#!!" Y gl#?????????????????? | | / + #?####T# g#?????????????????? | | # # """ #????### #?????????????????? | | # # ] """ #?????# @#?????????????????? | | # # """ #??????# #?????????????????? | | # # #??????# #?????????????????? | | ### ###########?##### #?????????????????? | | ??# #??? ?# +?????????????????? | | ??# #?? """ """ ??#m #?????????????????? | | ??# #?? """ """ ???# #?????????????????? | | ??# #???""" """ ????# #?????????????????? | | ??# #????? ?????# #########?????????? | | ??# ########+######## # =#?????????? | | ??# #=% #?????????? | | ??# k / = ====#?????????? | | ??# ##T######?????????? | | ??####################### ####??????????????? | | ????????????????????????# #?????????????????? | | ????????????????????????#+#?????????????????? | | ??????????????????????? ????????????????? | | ????????????????????? ??????????????? | | ##??????????????????# """ """ ????????????? | | #??????????????????#[ """ """ #??????????? | | #??????????????????# """ """ #??????????? | | ""?????????????????#######+######??????????? | | T"?????????????????????????????????????????? | | "??????????????????????????????????????????? | | #??????????????????????????????????????????? | +----------------------------------------------------+ Best States ------------- Heat Dissipation 31 Energy Generation 14 Energy Capacity 250 Matter Stores 530 Matter Capacity 550 Sight Range 18 Robot Scan Range 15 Terrain Scan Density 10 ECM Strength 1 Armor Coverage 150 Propulsion Shielding 66 Evasion (%) 55 Targeting Accuracy 6 Recoil Reduction 2 Salvage Targeting 4 Item Schematics ----------------- None Robot Schematics ------------------ None Fabricated ------------ Nothing Alien Tech Used ----------------- None Achievements -------------- None Challenges ------------ None Game ------ Seed DispersionSigixSpecial Manual? 0 Play Time 00:53:54 Cumulative 45.6 hours Start 2024.03.08 @ 01:57:11 End 2024.03.08 @ 03:02:30 Sessions 1 Manual Loads 0 Difficulty Rogue Special Mode None Game No. 43 Rogue 43 Adventurer 0 Explorer 0 Win Type - Total 0 Types 0/0/0/0/0/0/0/0/0 Lore% 24 Gallery% 38 Achievement% 30 Wizard Run 0 Options --------- Layout 0 ASCII 0 Keyboard 0 Movement Numpad Keybinds 0 Fullscreen 1 Font 18/SmallcapsGlow Map View 76x50 Zoom Use 51% Tactical HUD 1 Map Filters NONE Filters NONE Steam 1 RUN: 75df9af3-5f48-4d60-813a-2a758dc0eb26